 Dungeon Crawl Stone Soup version 0.21.0-24-g2553a33 (webtiles) character file.

4 tidbits the Cudgeler (level 1, 6/25 HPs)
             Began as a Gnoll Wanderer on Jan 20, 2018.
             Quit the game on level 2 of the Dungeon.
             The game lasted 00:01:25 (99 turns).

tidbits the Cudgeler (Gnoll Wanderer)                 Turns: 99, Time: 00:01:26

Health: 6/25       AC: 20    Str: 15    XL:     1   Next: 60%
Magic:  1/1        EV:  2    Int: 14    God:
Gold:   10         SH:  0    Dex: 16    Spells: 0/0 levels left

rFire    + . .     SeeInvis .   a - +2 mace
rCold    . . .     Gourm    .   (no shield)
rNeg     + + +     Faith    .   (armour currently unavailable)
rPois    +         Spirit   .   (helmet currently unavailable)
rElec    .         Reflect  .   (cloak currently unavailable)
rCorr    .         Harm     .   (gloves currently unavailable)
MR       .....     NoTele   +   (boots currently unavailable)
Stlth    +++.......             (no amulet)
HPRegen  0.08/turn              h - ring of protection from fire
MPRegen  0.07/turn              i - +3 ring of dexterity

@: seriously poisoned (6 -> 1), tree-form
A: distributed training, strong nose
a: no special abilities


You were on level 2 of the Dungeon.
You were not hungry.
You were a tree.
You visited 1 branch of the dungeon, and saw 2 of its levels.

You collected 10 gold pieces.

Inventory:

Hand Weapons
 a - a +2 mace (weapon)
 d - a +0 blowgun
 f - a +0 dagger
Missiles
 c - 13 poisoned needles
Armour
 e - a +0 robe (melded)
Jewellery
 h - a ring of protection from fire (left branch)
   (You found it on level 1 of the Dungeon)
 i - a +3 ring of dexterity (right branch)
   (You found it on level 1 of the Dungeon)
Scrolls
 j - 2 scrolls of identify {unknown}
Comestibles
 g - 2 rations


   Skills:
 + Level 2.3 Fighting
 + Level 0.0 Short Blades
 + Level 4.4 Long Blades
 + Level 0.0 Axes
 + Level 6.4 Maces & Flails
 + Level 0.0 Polearms
 + Level 0.0 Staves
 + Level 0.0 Slings
 + Level 0.0 Bows
 + Level 0.0 Crossbows
 + Level 2.3 Throwing
 + Level 0.0 Armour
 + Level 0.0 Dodging
 + Level 4.0 Stealth
 + Level 2.3 Shields
 + Level 0.0 Unarmed Combat
 + Level 0.0 Spellcasting
 + Level 0.0 Conjurations
 + Level 0.0 Hexes
 + Level 0.0 Charms
 + Level 0.0 Summonings
 + Level 0.0 Necromancy
 + Level 0.0 Translocations
 + Level 0.0 Transmutations
 + Level 0.0 Fire Magic
 + Level 0.0 Ice Magic
 + Level 0.0 Air Magic
 + Level 0.0 Earth Magic
 + Level 0.0 Poison Magic
 + Level 0.1 Invocations
 + Level 0.0 Evocations


You couldn't memorise any spells.
You didn't know any spells.

Dungeon Overview and Level Annotations

Branches:
Dungeon (2/15)

Altars:


Innate Abilities, Weirdness & Mutations

Your experience applies equally to all skills.
((You have very sharp teeth.))
Your uncanny sense of smell can sniff out nearby items.


Message History

You open the large door.
There is a large open door here.
A dart slug comes into view.
Found a scratched golden ring and a ring mail.
Wield which item (- for none, * to show all)? (? for menu, Esc to quit)
Okay, then.
A goblin comes into view. It is wielding a dagger.
The goblin moves out of view.
You thump the dart slug!
You bite the dart slug, but do no damage.
The dart slug is almost dead.
The dart slug barely misses you.
You hit the dart slug.
You kill the dart slug!
You miss the goblin. You bite the goblin.
The goblin is moderately wounded.
The goblin barely misses you.
You sock the goblin!
You kill the goblin!
h - a scratched golden ring Put on which piece of jewellery? (? for menu, Esc to quit)
h - a ring of protection from fire (left hand)
Found a robe.
Found a stone staircase leading down.
Found a scroll labeled BAFRI PUTAODD.
Found a ration.
A kobold comes into view.
Found a tubular coral ring.
Found 10 gold pieces.
There is a stone staircase leading down here.
The kobold shouts!
The kobold barely misses you.
You hit the kobold.
You kill the kobold!
g - 2 rations (gained 1) Autopickup is now off.
You see here a tubular coral ring.
i - a tubular coral ring Put on which piece of jewellery? (? for menu, Esc to quit)
You feel agile.
i - a +3 ring of dexterity (right hand)
You see here a scroll labeled BAFRI PUTAODD.
j - a scroll labeled BAFRI PUTAODD
Found a scroll labeled BAFRI PUTAODD.
You see here 10 gold pieces.
You now have 10 gold pieces.
You see here a scroll labeled BAFRI PUTAODD.
j - 2 scrolls labeled BAFRI PUTAODD (gained 1)
There is a stone staircase leading down here.
You climb downwards.
There is a stone staircase leading up here.
Unknown command.
An adder comes into view.
The adder hisses angrily.
The adder bites you but does no damage.
Found a dented platinum amulet.
You closely miss the adder. You bite the adder.
The adder is lightly wounded.
The adder barely misses you. x2
You miss the adder.
The adder is lightly wounded.
The adder bites you.
You miss the adder. The adder bites you.
You are poisoned.
The adder poisons you! The adder barely misses you.
You barely miss the adder. You bite the adder, but do no damage.
You feel sick. The adder bites you.
You are lethally poisoned!
The adder poisons you!
You miss the adder.
You feel sick. The adder barely misses you. x2
You barely miss the adder.
* * * LOW HITPOINT WARNING * * *
You feel sick. The adder bites you.
* * * LOW HITPOINT WARNING * * *
You closely miss the adder.
* * * LOW HITPOINT WARNING * * *
You feel sick. The adder closely misses you. The adder barely misses you.
You barely miss the adder. The adder bites you but does no damage.
You turn into a tree.
Your +0 robe melds into your body.
Your roots penetrate the ground.
* * * LOW HITPOINT WARNING * * *
You feel sick. The adder bites you but does no damage.
You barely miss the adder.
* * * LOW HITPOINT WARNING * * *
You feel sick.
The adder bites you but does no damage. x2
You hit the adder.
The adder is severely wounded.
The adder bites you but does no damage.
You hit the adder.
The adder is severely wounded.
* * * LOW HITPOINT WARNING * * *
You feel sick.
The adder bites you but does no damage. x2
You closely miss the adder.
The adder is severely wounded.
* * * LOW HITPOINT WARNING * * *
You feel sick. The adder bites you but does no damage.
You miss the adder.
The adder is severely wounded.
The adder bites you but does no damage.
Are you sure you want to abandon this character and quit the game? (Confirm with "yes".)

#" .. .. . .# .#
.#..# .#..# ...
###########.####.#
#.........♣.......
#.####.....S.###..
#<...........#
#..........#.#
#..#.......# #
#..........#
############


You could see an adder.

Vanquished Creatures
  A dart slug (D:1)
  A goblin (D:1)
  A kobold (D:1)
3 creatures vanquished.

Notes
Turn   | Place    | Note
-------+----------+-------------------------------------------
     0 | D:1      | tidbits the Gnoll Wanderer began the quest for the Orb.
     0 | D:1      | tidbits set off with: a +2 mace, a potion of lignification, 13 poisoned needles, a +0 blowgun, a +0 robe, a +0 dagger, a ration
     0 | D:1      | Reached XP level 1. HP: 17/17 MP: 1/1
    99 | D:2      | Quit the game

Action                   || total
-------------------------++-------
Melee: Mace              ||    18
       Bite              ||     4
  Use: Potion            ||     1
Armor: Skin              ||     8
       Robe              ||     2
Dodge: Dodged            ||    10

Table legend:
 A = Turns spent in this place as a percentage of turns spent in the entire game.
 B = Non-inter-level travel turns spent in this place as a percentage of non-inter-level travel turns spent in the entire game.
 C = Inter-level travel turns spent in this place as a percentage of turns spent in this place.
 D = Turns resting spent in this place as a percentage of non-inter-level travel turns spent in this place.
 E = Turns spent auto-exploring this place as a percentage of non-inter-level travel turns spent in this place.
 F = Non-inter-level travel turns spent in this place divided by the number of levels of this place that you've seen.
                   A       B       C       D       E      F
               +-------+-------+-------+-------+-------+----------------------
         Total | 100.0 | 100.0 |   0.0 |   0.0 |   0.0 |  49.5
       Dungeon | 100.0 | 100.0 |   0.0 |   0.0 |   0.0 |  49.5
               +-------+-------+-------+-------+-------+----------------------

Table legend:
 A = Kills in this place as a percentage of kills in entire the game.
 B = Kills by you in this place as a percentage of kills by you in the entire game.
 C = Kills by friends in this place as a percentage of kills by friends in the entire game.
 D = Other kills in this place as a percentage of other kills in the entire game.
 E = Experience gained in this place as a percentage of experience gained in the entire game.
 F = Experience gained in this place divided by the number of levels of this place that you have seen.
                   A       B       C       D       E      F
               +-------+-------+-------+-------+-------+----------------------
         Total | 100.0 | 100.0 |   N/A |   N/A | 100.0 |   3.0
       Dungeon | 100.0 | 100.0 |   N/A |   N/A | 100.0 |   3.0
               +-------+-------+-------+-------+-------+----------------------

Vault maps used:
D:1:      lightli_arrival_lavapool, st_stairs_2, grunt_decor_arrowhead
D:2:      uniq_sigmund
